 Dungeon Crawl Stone Soup version 0.30-a0-51-g784eafce7f (webtiles) character file.

Game seed: 2933525649577391486

8 BritishOli the Trooper (level 2, 22/24 HPs)
             Began as a Demonspawn Fighter on Sept 6, 2022.
             Got out of the dungeon alive.
             The game lasted 00:00:19 (239 turns).

BritishOli the Trooper (Demonspawn Fighter)          Turns: 239, Time: 00:00:20

Health: 22/24      AC:  6    Str: 16    XL:     2   Next: 0%
Magic:  2/2        EV:  8    Int:  9    God:
Gold:   27         SH:  4    Dex: 12    Spells: 1/1 levels left

rFire   . . .      SeeInvis .    a - +0 long sword
rCold   . . .      Faith    .    c - +0 buckler
rNeg    . . .      Spirit   .    b - +0 scale mail
rPois   .          Reflect  .    (no helmet)
rElec   .          Harm     .    (no cloak)
rCorr   .          Rampage  .    (no gloves)
Will    .....                    (no boots)
Stlth   ..........               (no amulet)
HPRegen 0.08/turn                (no ring)
MPRegen 0.08/turn                (no ring)

@: no status effects
A: powered by pain 1
a: no special abilities


You escaped.
You visited 1 branch of the dungeon, and saw 1 of its levels.

You collected 27 gold pieces.

Inventory:

Hand Weapons
 a - a +0 long sword (weapon)
Armour
 b - a +0 scale mail (worn)
 c - a +0 buckler (worn)
Scrolls
 e - a scroll of identify {unknown}
Potions
 d - a potion of might


   Skills:
 + Level 3.1 Fighting
 + Level 2.0 Long Blades
 + Level 2.8 Armour
 + Level 2.8 Shields


You had one spell level left.
You didn't know any spells.
Your spell library was empty.

Dungeon Overview and Level Annotations

Branches:
Dungeon (1/15)

Altars:


Innate Abilities, Weirdness & Mutations

You sometimes gain a little power by taking damage.


Message History

The dart slug barely misses you.
A dart slug is nearby!
You slash the dart slug!
You kill the dart slug!
No target in view!
Found 4 stones.
You now have 27 gold pieces (gained 10).
No target in view!
A dart slug comes into view.
Found a stone staircase leading down.
The dart slug launches a dart at you. The slug dart misses you.
You see here 4 stones.
A dart slug is nearby!
A dart slug is nearby!
A dart slug is nearby!
The dart slug launches a dart at you. The slug dart hits you.
A dart slug is nearby!
You hit the dart slug.
The dart slug is heavily wounded.
The dart slug barely misses you.
You hit the dart slug.
The dart slug is almost dead.
The dart slug bites you but does no damage.
A dart slug is nearby!
You hit the dart slug.
You kill the dart slug!
Your Long Blades skill increases to level 2!
You have reached level 2!
Your demonic ancestry asserts itself...
You feel energised by your suffering.
You see here a staff of conjuration.
You see here a staff of conjuration.
You see here a bat corpse.
You open the door.
There is an open door here.
There is a staircase leading out of the dungeon here.
Are you sure you want to leave the Dungeon?
This will make you lose the game!
You have escaped!

. #####.###
..#####.######.#
######..............##
......#####+#####...####
#....#PPP#.#PPP#.#....#
#....#P⌠P#.#P⌠P#.####.#####
#....#PPP#.#PPP#...........
#....#####.#####..###.#####
#....'....@....'..# #...
#....#####.#####..# ####..
#....#PPP#.#PPP#..#######.#
#....#P⌠P#.#P⌠P#......... .
#....#PPP#.#PPP#.########
#....#####+#####.#
#................#
#..........#######
#.........##


There were no monsters in sight!

Vanquished Creatures
  2 dart slugs (D:1)
  A bat (D:1)
  2 goblins (D:1)
  A rat (D:1)
6 creatures vanquished.

Notes
Turn   | Place    | Note
-------+----------+-------------------------------------------
     0 | D:1      | BritishOli the Demonspawn Fighter began the quest for the
                  | Orb.
     0 | D:1      | Reached XP level 1. HP: 18/18 MP: 1/1
   181 | D:1      | Gained mutation: You sometimes gain a little power by
                  | taking damage. [demonic ancestry]
   181 | D:1      | Reached XP level 2. HP: 17/24 MP: 2/2
   239 | D:$      | Got out of the dungeon alive.

Illustrated notes

Levels and vault maps discovered:
D:1:      beargit_arrival_greenhouse, layout_basic

Skill      XL: |  1 |
---------------+----+-----
Long Blades    | 2 |  2.0
Fighting       | |  3.1
Armour         | |  2.8
Shields        | |  2.8

Action                   || total
-------------------------++-------
Melee: Long sword        ||    20
Armor: Scale mail        ||     7
Dodge: Dodged            ||    10
Block: Buckler           ||     4

Table legend: (Time is in decaauts)
 A = Elapsed time spent in this place.
 B = Non-inter-level travel time spent in this place.
 C = Inter-level travel time spent in this place.
 D = Time resting spent in this place.
 E = Time spent auto-exploring this place.
 F = Levels seen in this place.
 G = Mean time per level.
                   A        B        C        D        E       F      G
               +--------+--------+--------+--------+--------+-----+--------+
         Total |    246 |    189 |     57 |      0 |    137 |   1 |  246.0 |
       Dungeon |    246 |    189 |     57 |      0 |    137 |   1 |  246.0 |
               +--------+--------+--------+--------+--------+-----+--------+

Top non-repeatable levels by time:
     D:1: 246 daAuts
